Unix NetHack Version 5.0.0-0 post-release - last build May 31 2026 23:59:36 (970b52f25bf058293b47ddfd14a1e40e571c508c,branch:main).

Game began 2026-06-02 10:53:15, ended 2026-06-02 11:09:24.

GdeVolpiano, neutral female human Tourist

                -----
                |...|       ---------#----       ------
 -----------    |...-##     |.F..........|       |)....q
 |.........|    |...|       |.............#######-..).|@
 |.>(......|    |....#      |............|       -|----#
 |.........|    |...|##     |............|             [
 --.-.------    --|-- #     -----------.--             d
   ##########    ##   #                # 0#############)################
     ##     #######   #            #####               #             --|----
      #          ###  #          ###                   #             |.....|
      ########   # #  #          #                     #             |.....|
             #   # #  ##       ###                     #--------  ###-.....|
       ------|---.-.---#    #[##                       #|......|###  |.....|
       |..............|#   -.----                      #|.....>.#    |.....|
       |..............|### |....|                      #|......|     |.....|
       |<.............|  # |....|                      #|......|     -------
       ----------------  ##......                      #|......|
                           ------                      #-......|
                                                        --------

GdeVolpiano the Sightseer   St:12 Dx:10 Co:14 In:13 Wi:10 Ch:17  Neutral
Dlvl:3  $:732 HP:0(34) Pw:25(25) AC:7  Xp:5 T:2257 

Latest messages:
 Winston is almost hit by an arrow!
 You swap places with Winston.
 You climb up the stairs.
 Where do you want to travel to?
 (For instructions type a '?')
 In what direction?
 You throw 2 darts.
 The 1st dart hits the acid blob!
 The 2nd dart hits the acid blob!
 You kill the acid blob!
 a - 2 +2 darts (at the ready) (6 in total).
 In what direction?
 The dart hits the rothe.
 In what direction?
 You kill the rothe!
 a - 2 +2 darts (at the ready) (6 in total).
 You see here a rothe corpse.
 There is a rothe corpse here; eat it? [ynq] (n)
 This rothe corpse is tough.
 You are hit by a runed dagger.
 You stop eating the rothe corpse.
 There is a partly eaten rothe corpse here; eat it? [ynq] (n)
 You resume your meal.
 The hobbit throws a dagger!
 You are hit by a dagger.
 You stop eating the rothe corpse.
 In what direction?
 The dart hits the hobbit!
 Winston bites the hobbit.
 The hobbit is killed!
 There is a partly eaten rothe corpse here; eat it? [ynq] (n)
 You resume your meal.
 Winston eats a hobbit corpse.
 You finish eating the rothe corpse.
 You swap places with Winston.
 a - a +2 dart (at the ready) (6 in total).
 Your lantern is getting dim.
 The rothe hits!
 The rothe bites!
 The rothe misses!
 You hit the rothe.
 The rothe hits!
 The rothe bites!
 The rothe bites again!
 You hit the rothe.
 The rothe hits!
 The rothe just misses!
 The rothe bites!
 You die...
 Do you want your possessions identified? [ynq] (y)

Inventory:
 Coins    ('$')
  $ - 732 gold pieces
 Amulets  ('"')
  M - a cursed amulet of change
 Weapons  (')')
  a - 6 +2 darts (at the ready)
  O - 26 +0 darts
  G - a +0 scimitar (weapon in right hand)
 Armor    ('[')
  z - an uncursed +0 orcish helm (being worn)
  I - an uncursed +0 pair of iron shoes (being worn)
  J - an uncursed +0 dwarvish cloak (being worn)
  Q - an uncursed +0 mummy wrapping
 Comestibles  ('%')
  w - 2 uncursed figs
  T - an uncursed candy bar labeled "Moon Crunchy"
  e - an uncursed cram ration
  U - a cursed cram ration
  E - an uncursed eucalyptus leaf
  c - 5 uncursed food rations
  F - an uncursed lembas wafer
  b - 2 uncursed tripe rations
  P - an uncursed lichen corpse
 Scrolls  ('?')
  L - a cursed scroll of create monster
  B - a cursed scroll of enchant armor
  t - an uncursed scroll of identify
  S - an uncursed scroll of taming
  y - an uncursed scroll of teleportation
 Potions  ('!')
  q - 3 uncursed potions of healing
  r - a cursed potion of healing
 Rings    ('=')
  o - an uncursed ring of searching (on right hand)
 Tools    ('(')
  Z - an uncursed brass lantern (lit)
  m - an uncursed credit card
  n - a +0 pick-axe (alternate weapon; not wielded)

GdeVolpiano the Tourist's attributes:

Background:
 You were a Sightseer, a level 5 female human Tourist.
 You were neutral, nominally on a mission for The Lady
 who was opposed by Blind Io (lawful) and Offler (chaotic).
 You were right-handed.
 You were in the Dungeons of Doom, on level 3.
 You entered the dungeon 2257 turns ago.
 There was a full moon in effect when your adventure ended.
 You had 289 experience points, 31 more were needed to attain level 6.

Basics:
 You had 0 out of 34 hit points.
 You had all 25 energy points (spell power).
 Your armor class was 7.
 Your wallet contained 732 zorkmids.
 Autopickup was on for '$?!/="+' plus thrown, with exceptions.

Final Characteristics:
 Your strength was 12 (limit:18/100).
 Your dexterity was 10 (limit:18).
 Your constitution was 14 (limit:18).
 Your intelligence was 13 (limit:18).
 Your wisdom was 10 (limit:18).
 Your charisma was 17 (limit:18).

Final Status:
 You weren't hungry.
 You were unencumbered.
 You were wielding a saber.
 You were unskilled in saber and could have enhanced that.

Final Attributes:
 You were piously aligned.
 Your items were somewhat protected from fire.
 Your items were somewhat protected from cold.
 You had automatic searching.
 You were warded.
 You were lucky.
 You are dead.

Miscellaneous:
 You didn't encounter any bones levels.
 Total elapsed playing time was 16 minutes and 7 seconds.

Major events:
 Turn
    1: GdeVolpiano the neutral female human Tourist entered the dungeon
  826: attained the rank of Sightseer (level 3)
 1064: entered the Gnomish Mines
 2257: killed by a rothe

You didn't know any spells.

Skills:
 Fighting Skills
   bare handed combat [Unskilled]
   two weapon combat  [Unskilled]
   riding             [Unskilled]
 Weapon Skills
   dagger             [Unskilled]
   knife              [Unskilled]
   axe                [Unskilled]
   pick-axe           [Unskilled]
   short sword        [Unskilled]
   broadsword         [Unskilled]
   long sword         [Unskilled]
   two-handed sword   [Unskilled]
   saber              [Unskilled]
   mace               [Unskilled]
   morning star       [Unskilled]
   flail              [Unskilled]
   hammer             [Unskilled]
   quarterstaff       [Unskilled]
   polearms           [Unskilled]
   spear              [Unskilled]
   trident            [Unskilled]
   lance              [Unskilled]
   bow                [Unskilled]
   sling              [Unskilled]
   crossbow           [Unskilled]
   dart               [Skilled]
   shuriken           [Unskilled]
   boomerang          [Unskilled]
   whip               [Unskilled]
   unicorn horn       [Unskilled]
 Spellcasting Skills
   divination spells  [Unskilled]
   enchantment spells [Unskilled]
   escape spells      [Unskilled]

Voluntary challenges:
 Character rerolling was not enabled.
 You were an atheist.
 You were illiterate.
 You never genocided any monsters.
 You never polymorphed an object.
 You never changed form.
 You used no wishes.
Achievements:
 You entered a shop.
 You attained the rank of Sightseer.
 You entered the Gnomish Mines.

 The Dungeons of Doom: levels 1 to 4
    Level 1: "vault"
       A fountain, a sink.
    Level 2:
       A food shop.
    Level 3: <- You were here.
       Stairs down to The Gnomish Mines.
       Final resting place for
          you, killed by a rothe.
    Level 4:
 The Gnomish Mines: levels 4 to 5
    Level 4:
    Level 5:


Vanquished creatures:
  2 gnome leaders
  a kobold mummy
  a giant ant
  6 dwarves
  a homunculus
  a rothe
 an iguana
 an acid blob
  2 hobbits
  2 manes
  a hobgoblin
  4 giant rats
  4 cave spiders
 14 gnomes
  3 geckos
  4 jackals
  4 goblins
  6 grid bugs
  a bat
  3 lichens
  a kobold zombie
  3 newts
66 creatures vanquished.

No species were genocided or became extinct.

Game over:
                       ----------
                      /          \
                     /    REST    \
                    /      IN      \
                   /     PEACE      \
                  /                  \
                  |   GdeVolpiano    |
                  |      732 Au      |
                  |   killed by a    |
                  |      rothe       |
                  |                  |
                  |                  |
                  |       2026       |
                 *|     *  *  *      | *
        _________)/\\_//(\/(/\)/\//\/|_)_______

Aloha GdeVolpiano the Tourist...

You died in The Dungeons of Doom on dungeon level 3 with 1366 points,
and 732 pieces of gold, after 2257 moves.
You were level 5 with a maximum of 34 hit points when you died.

